 Dungeon Crawl Stone Soup version 0.30-a0-920-g7493c07aab (webtiles) character file.

Game seed: 8644233721135167507

218 HoaS the Shooter (level 6, -1/44 HPs)
             Began as a Formicid Hunter on Mar 21, 2023.
             Killed from afar by an orc wizard (3 damage)
             ... with a magic dart
             ... on level 2 of the Dungeon.
             The game lasted 00:03:10 (1862 turns).

HoaS the Shooter (Formicid Hunter)                  Turns: 1862, Time: 00:03:11

Health: -1/44      AC:  4    Str: 15    XL:     6   Next: 17%
Magic:  6/6        EV: 12    Int:  9    God:
Gold:   113        SH:  0    Dex: 19    Spells: 5/5 levels left

rFire   . . .      SeeInvis +    a - +1 shortbow
rCold   . . .      Faith    .    (no shield)
rNeg    . . .      Spirit   .    c - +1 leather armour
rPois   .          Reflect  .    (helmet unavailable)
rElec   .          Rampage  .    (no cloak)
rCorr   .                        (no gloves)
Will    .....                    (no boots)
Stlth   ++                       (no amulet)
HPRegen 0.27/turn                (no ring)
MPRegen 0.10/turn                (no ring)

@: no status effects
A: permanent stasis, dig shafts and tunnels, antennae 3, four strong arms
a: Dig, Shaft Self


You were on level 2 of the Dungeon.
You visited 1 branch of the dungeon, and saw 3 of its levels.

You collected 113 gold pieces.

Inventory:

Hand Weapons
 a - a +1 shortbow (weapon)
Armour
 c - a +1 leather armour (worn)
Scrolls
 b - a scroll of immolation
Potions
 f - 2 potions of lignification {unknown}


   Skills:
 - Level 2.1 Fighting
 + Level 7.0 Ranged Weapons
 - Level 1.7 Dodging
 - Level 1.2 Stealth


You had 5 spell levels left.
You didn't know any spells.
Your spell library contained the following spells:

 Spells                   Type           Power      Damage    Failure   Level
 Magic Dart               Conj           0%         1d3       45%         1
 Call Imp                 Summ           0%         N/A       58%         2
 Mephitic Cloud           Conj/Pois/Air  0%         N/A       83%         3


Dungeon Overview and Level Annotations

Branches:
Dungeon (3/15)

Altars:


Innate Abilities, Weirdness & Mutations

You cannot be hasted, slowed, berserked, paralysed or teleported.
You can dig through walls and to a lower floor.
You have a pair of large antennae on your head. (SInv)
Your four strong arms can wield two-handed weapons with a shield.


Message History

The orc wizard hits you with a +0 dagger.
You barely miss the orc wizard.
The orc wizard is heavily wounded.
The orc wizard hits you with a +0 dagger.
The orc wizard hits you but does no damage.
The orc misses you.
You miss the orc wizard.
The orc wizard points at you and mumbles some strange words.
You resist with some effort. The orc wizard closely misses you.
The orc closely misses you. The orc wizard barely misses you.
The orc wizard closely misses you. The orc hits you with a +0 hand axe.
You bump into the rock wall.
The orc wizard hits you with a +0 dagger.
The orc wizard hits you but does no damage.
The orc barely misses you.
You bump into the rock wall.
The orc wizard hits you but does no damage. x2
The orc hits you with a +0 hand axe.
You clumsily bash the orc wizard but do no damage.
You feel less confused. The orc wizard barely misses you.
The orc wizard casts a spell at you. The magic dart hits you!
* * * LOW HITPOINT WARNING * * *
The orc barely misses you.
You shoot an arrow. The arrow barely misses the orc wizard.
The orc wizard barely misses you. The orc wizard closely misses you.
The orc barely misses you.
You shoot an arrow.
The arrow hits the orc wizard but does no damage.
The orc wizard is heavily wounded.
The orc wizard gestures wildly while chanting.
The orc wizard flickers and vanishes for a moment.
The orc wizard barely misses you. The orc barely misses you.
You shoot an arrow. The arrow hits the orc wizard!
You kill the orc wizard!
The orc wizard barely misses you. The orc barely misses you.
The orc wizard gestures at you while chanting.
The magic dart hits you.
You die...

.................#.#..##
..##..............<...#
..####...........#.#..#
.....#.########.......#
.###.#.# #........# .#
#.#.# ###...#.##
####.#.#########.#.#.#
..............>oo..#.#
.###.#.........)@#.#.#
.###.#########.#####.#
..##...............#.#
..###########.####.#.#
#(# #####.####.#!#
#.###########.####.#.#
.........####.####.#.#
.........).........#.#
.........####.####.#.#


You could see an orc wizard (invisible) and an orc.

Vanquished Creatures
  Sigmund (D:2)
  Jessica (D:2)
  An orc wizard (D:2)
  An adder (D:2)
  2 worms (D:2)
  An orc (D:3)
  6 ball pythons
  An endoplasm (D:2)
  3 giant cockroaches
  2 goblins
  A hobgoblin (D:2)
  6 bats
  A frilled lizard (D:2)
  4 kobolds
  A rat (D:1)
32 creatures vanquished.

Notes
Turn   | Place    | Note
-------+----------+-------------------------------------------
     0 | D:1      | HoaS the Formicid Hunter began the quest for the Orb.
     0 | D:1      | Reached XP level 1. HP: 16/16 MP: 1/1
   113 | D:1      | Found a faded altar of an unknown god.
   156 | D:1      | Reached XP level 2. HP: 22/22 MP: 2/2
   664 | D:2      | Noticed Jessica
   669 | D:2      | Killed Jessica
   670 | D:2      | Reached skill level 5 in Ranged Weapons
   670 | D:2      | Reached XP level 3. HP: 27/27 MP: 3/3
   779 | D:2      | Noticed Sigmund
   808 | D:2      | Killed Sigmund
   809 | D:2      | Reached skill level 6 in Ranged Weapons
   809 | D:2      | Reached XP level 4. HP: 11/33 MP: 4/4
   809 | D:2      | Reached XP level 5. HP: 12/38 MP: 5/5
   809 | D:2      | Reached XP level 6. HP: 14/44 MP: 6/6
  1639 | D:2      | Reached skill level 7 in Ranged Weapons
  1859 | D:2      | HP: 1/44 [orc wizard/magic dart (11)]
  1862 | D:2      | Killed from afar by an orc wizard

Illustrated notes

Levels and vault maps discovered:
D:1:      heliophobic_arrival_dark_side_of_the_moon, layout_loops_ring,
          ebering_ecumenical_altar_box
D:2:      layout_basic, st_stairs_14, reono_crystal_passage, minmay_domino_2,
          uniq_jessica, uniq_sigmund
D:3:      layout_basic, mainiacjoe_overflow_paths, serial_rivers,
          chequers_serial_rivers_micro_a, chequers_serial_rivers_room_a,
          chequers_serial_rivers_micro_b, chequers_serial_rivers_small_a,
          chequers_serial_rivers_micro_e, item_on_display_a

Skill      XL: |  1  2  3  4  5  6 |
---------------+-------------------+-----
Ranged Weapons | 5 6 7 |  7.0
Fighting       | |  2.1
Dodging        | |  1.7
Stealth        | |  1.2

Action                     |  1- 3 |  4- 6 || total
---------------------------+-------+-------++-------
  Melee: Shortbow          |     6 |     5 ||    11
   Fire: Shortbow          |    36 |    38 ||    74
    Use: Scroll            |     3 |     3 ||     6
 Armour: Leather armour    |     4 |     9 ||    13
  Dodge: Dodged            |    18 |    30 ||    48

Table legend: (Time is in decaauts)
 A = Elapsed time spent in this place.
 B = Non-inter-level travel time spent in this place.
 C = Inter-level travel time spent in this place.
 D = Time resting spent in this place.
 E = Time spent auto-exploring this place.
 F = Levels seen in this place.
 G = Mean time per level.
                   A        B        C        D        E       F      G
               +--------+--------+--------+--------+--------+-----+--------+
         Total |   1886 |   1834 |     52 |    332 |   1248 |   3 |  628.7 |
       Dungeon |   1886 |   1834 |     52 |    332 |   1248 |   3 |  628.7 |
               +--------+--------+--------+--------+--------+-----+--------+

Top non-repeatable levels by time:
     D:2: 1229 daAuts
     D:1: 622 daAuts
     D:3: 34 daAuts
